[Event "Early-Titled-Tuesday-Blitz-November-28-2023"]
[Site "Chess.com"]
[Date "2023.11.28"]
[Round "10"]
[White "LimeInTheCoconut"]
[Black "alvarorodriguezavila"]
[Result "1-0"]
[WhiteElo "2392"]
[BlackElo "2229"]
[TimeControl "180+1"]
[EndTime "10:02:56 PST"]
[Termination "LimeInTheCoconut won by resignation"]

1. e4 c5 2. Nf3 d6 3. c3 Nf6 4. Be2 Nbd7 5. d3 b6 6. O-O Bb7 7. Re1 e6 8. Bf1 Be7 9. c4 O-O 10. Nc3 Ne5 11. a3 a6 12. b4 Qc7 13. Bd2 Rfd8 14. Rb1 Nxf3+ 15. Qxf3 Nd7 16. Qg3 Bf6 17. bxc5 bxc5 18. Ne2 Rac8 19. Nf4 d5 20. exd5 exd5 21. Nxd5 Qxg3 22. Nxf6+ Nxf6 23. hxg3 Rd7 24. Rb6 h6 25. Bxh6 Rc6 26. Rxc6 Bxc6 27. Be3 Re7 28. Rb1 Nd7 29. Be2 f5 30. Bf3 Bxf3 31. gxf3 Ne5 32.
Bxc5 Rd7 33. Rd1 Nxc4 34. f4 Nb2 35. Rd2 Nxd3 36. Be3 Kf7 37. Kf1 Ke6 38. Ke2 Nc1+ 39. Kd1 Nd3 40. Kc2 Ne1+ 41. Kb3 Rb7+ 42. Ka4 Ng2 43.
Bd4 g6 44. Ka5 Rb3 45. a4 Ra3 46. Bb2 Ra2 47. Bc3 Ra3 48. Bb4 Ra1 49. Rc2 Ne1 50.
Bxe1 Rxe1 51. Kxa6 Ra1 52. a5 Kd5 53. Rb2 Ke4 54. Kb6 Kf3 55. a6 g5 56. fxg5 1-0

[Event "Early-Titled-Tuesday-Blitz-November-28-2023"]
[Site "Chess.com"]
[Date "2023.11.28"]
[Round "10"]
[White "Ajedrez_con_German"]
[Black "Goffredo_Fofi"]
[Result "0-1"]
[WhiteElo "2613"]
[BlackElo "2492"]
[TimeControl "180+1"]
[EndTime "10:02:57 PST"]
[Termination "Goffredo_Fofi won on time"]

1. e4 g6 2. d4 Bg7 3. c3 c6 4. Nf3 d5 5. Nbd2 Bg4 6. h3 Bxf3 7. Qxf3 e6 8. Bd3 Nd7 9. O-O Ne7 10. Re1 O-O 11. Qe2 c5 12. dxc5 Nxc5 13. Bc2 Rc8 14. exd5 Nxd5 15. Nb3 Na4 16. Be4 Qd7 17. Bg5 Nab6 18.
Rad1 Qc7 19. Qf3 Nc4 20. Bc1 Rfd8 21. Bxd5 exd5 22. Rxd5 Rxd5 23. Qxd5 a5 24. Nd4 Rd8 25. Qb5 Nd6 26. Qg5 Re8 27. Rxe8+ Nxe8 28. Be3 Bf6 29. Qd5 a4 30. g3 Qb6 31. Qb5 Qxb5 32. Nxb5 Kf8 33.
Bc5+ Kg7 34. Kf1 Be5 35. Ke2 Kf6 36. f4 Bb8 37. Nd4 Nd6 38. Bxd6 Bxd6 39. Kf3 Bc5 40. Ke4 Ke7 41. b3 axb3 42. axb3 Kd6 43. g4 Bb6 44. f5 Bc5 45. Nf3 f6 46. fxg6 hxg6 47. h4 Ke6 48. Kd3 f5 49. Ng5+ Kf6 50. gxf5 Kxf5 51. Ke2 Be7 52. Kf3 Bxg5 53. hxg5 Kxg5 54. c4 Kf6 55. b4 Ke5 56. Kg4 Kd4 57. Kg5 Kxc4 58. Kxg6 Kxb4 59.
Kf5 Kc4 0-1

[Event "Early-Titled-Tuesday-Blitz-November-28-2023"]
[Site "Chess.com"]
[Date "2023.11.28"]
[Round "10"]
[White "Khromkin"]
[Black "tylityli"]
[Result "0-1"]
[WhiteElo "2443"]
[BlackElo "2277"]
[TimeControl "180+1"]
[EndTime "10:02:57 PST"]
[Termination "tylityli won on time"]

1. d4 Nf6 2. c4 e6 3. Nf3 Bb4+ 4. Bd2 Qe7 5. g3 Nc6 6. Bg2 O-O 7. O-O Bxd2 8. Qxd2 d6 9. Nc3 e5 10. Nd5 Qd8 11.
dxe5 Nxe5 12. Nxe5 dxe5 13. Qb4 c6 14. Ne7+ Kh8 15. Rfd1 Qe8 16. Nxc8 Qxc8 17. Rd6 Qc7 18. Rad1 h6 19. Qc5 Qe7 20. Qa5 Rfe8 21. b4 e4 22. b5 Qe5 23. Qc7 cxb5 24. Qxf7 bxc4 25. Qxc4 b5 26. Qd4 Qxd4 27. R6xd4 a5 28. Rc1 Ra7 29. Rc5 b4 30. Rcc4 Rae7 31. e3 Re5 32. h4 Kh7 33. Bh3 Kg6 34. Kg2 h5 35. Bd7 R8e7 36. Ba4 Rb7 37.
Bc2 Rbe7 38. f3 Kf7 39. fxe4 Rb7 40. Kf3 Reb5 41. Bb3 Kg6 42. Rc1 Re5 43. Rc6 Ra7 44. Be6 a4 45. Bf5+ Kf7 0-1

[Event "Early-Titled-Tuesday-Blitz-November-28-2023"]
[Site "Chess.com"]
[Date "2023.11.28"]
[Round "10"]
[White "defenceboy"]
[Black "wadsy27"]
[Result "1-0"]
[WhiteElo "2879"]
[BlackElo "2665"]
[TimeControl "180+1"]
[EndTime "10:02:58 PST"]
[Termination "defenceboy won by resignation"]

1. d4 Nf6 2. c4 c5 3. d5 e6 4. Nc3 exd5 5. cxd5 d6 6. Nf3 g6 7. e4 a6 8. a4 Bg4 9. Qb3 Bxf3 10. gxf3 Qc7 11. a5 Nbd7 12. Bd2 Bg7 13. Be2 O-O 14. Na4 Nh5 15. Nb6 Nxb6 16. axb6 Qe7 17. O-O-O Be5 18.
Kb1 Rfc8 19. Bc4 Qf6 20. h4 Re8 21. Bg5 Qg7 22. Rd2 h6 23. Be3 Bf4 24. Rdd1 Qe5 25. Qc3 Kh7 26. Rhg1 Re7 27. Rg4 Qxc3 28. bxc3 Be5 29.
Kc2 Bg7 30. Bd3 Nf6 31. Rgg1 Nd7 32. Rb1 h5 33. Kd2 Bf6 34. Rh1 Ree8 35. f4 Bd8 36. Rb2 Rc8 37. f3 Bf6 38. Rbb1 c4 39. Be2 Nc5 40.
Rb4 Nb3+ 41. Kc2 Nc5 42. Rxc4 Bd8 43. Rb4 a5 44. Rb5 a4 45. Bxc5 dxc5 46. Ra5 f5 47. e5 Bxb6 48. Rxa4 c4 49. d6 Rcd8 50. Bxc4 Be3 51. Rg1 Bxf4 52. Bf7 Bxe5 53. Bxg6+ Kh6 54. Bxe8 Rxe8 55. Re1 1-0

[Event "Early-Titled-Tuesday-Blitz-November-28-2023"]
[Site "Chess.com"]
[Date "2023.11.28"]
[Round "10"]
[White "vasblesk"]
[Black "GaiozNigalidze"]
[Result "1/2-1/2"]
[WhiteElo "2825"]
[BlackElo "2707"]
[TimeControl "180+1"]
[EndTime "10:02:59 PST"]
[Termination "Game drawn by stalemate"]

1. d4 d5 2. Nf3 Nf6 3. g3 e6 4. Bg2 Be7 5. O-O b6 6. c4 Bb7 7. cxd5 exd5 8. Nc3 O-O 9. Bf4 a6 10. Rc1 c5 11. dxc5 bxc5 12. Ne5 Ra7 13. Na4 Re8 14. Nxc5 Bxc5 15. Rxc5 g5 16. Nxf7 Kxf7 17. Bxg5 Nbd7 18. Bxd5+ Bxd5 19. Rxd5 Qb6 20. Rd2 Qe6 21. Bf4 Qxa2 22. f3 Rb7 23. Qc2 Qb3 24. e4 Qxc2 25. Rxc2 Ne5 26.
Bxe5 Rxe5 27. Ra1 Reb5 28. Rxa6 Rxb2 29. Ra2 Rxa2 30. Rxa2 Rb3 31. Kg2 h5 32. h4 Kg6 33.
Ra5 Rd3 34. Rg5+ Kh6 35. Kf2 Rc3 36. Ke2 Nh7 37. Rf5 Kg6 38. Rd5 Nf6 39. Rg5+ Kh6 40. e5 Nd5 41. f4 Ra3 42. Kd2 Rf3 43. e6 Ne7 44. Ke2 Ra3 45. f5 Nd5 46. Rg6+ Kh7 47. Rg5 Kh6 48. Kd2 Kh7 49. Rxh5+ Kg7 50. Rg5+ Kf6 51.
g4 Ne3 52. Rg6+ Ke7 53. Rg7+ Kd6 54. h5 Nc4+ 55. Ke2 Ra2+ 56. Kf3 Ne5+ 57. Kf4 Ra5 58. e7 Ra4+ 59. Kg3 Ra3+ 60. Kh4 Nf3+ 61. Kg3 Ne5+ 62. Kf4 Ra4+ 63. Kg5 Rxg4+ 64. Kh6 Rxg7 65. Kxg7 Kxe7 66.
f6+ Ke6 67. h6 Nf7 68. h7 Nh8 69. Kxh8 Kf7 1/2-1/2

[Event "Early-Titled-Tuesday-Blitz-November-28-2023"]
[Site "Chess.com"]
[Date "2023.11.28"]
[Round "10"]
[White "Anton_Demchenko"]
[Black "DenisQ"]
[Result "1-0"]
[WhiteElo "2941"]
[BlackElo "2682"]
[TimeControl "180+1"]
[EndTime "10:02:59 PST"]
[Termination "Anton_Demchenko won on time"]

1. e4 c6 2. d4 d5 3. Nd2 dxe4 4. Nxe4 Bf5 5. Qf3 e6 6. Ne2 Nf6 7. Nxf6+ Qxf6 8. Qb3 Qe7 9. c3 Qc7 10. Ng3 Bg6 11.
Be2 Bd6 12. O-O O-O 13. Re1 Nd7 14. Bf3 e5 15. Be3 exd4 16. cxd4 Qb6 17. d5 Qxb3 18. axb3 c5 19. Ne4 Bxe4 20. Bxe4 Nf6 21. Bf3 a6 22. Rec1 Rac8 23. Rc2 Rc7 24. g3 Re8 25. Rac1 a5 26. Kf1 b6 27. Rd1 Rd7 28. Be2 Re5 29. Bc4 Rd8 30.
Rcc1 h6 31. Kg2 Kf8 32. h3 Re7 33. Rc2 Be5 34. Rcd2 Red7 35. g4 g5 36. Kf3 Kg7 37. Rd3 Rd6 38. R3d2 R6d7 39. Kg2 Ne4 40. Re2 Bf6 41. f4 Nd6 42. fxg5 Bxg5 43. Bf2 Re7 44. Rxe7 Bxe7 45. Bg3 Bf6 46. Rd2 Bd4 47. Re2 Nxc4 48. bxc4 a4 49. Kf3 Rd7 50. d6 Kf6 51. h4 Kg6 52. h5+ Kg7 53. Bf4 Bf6 54. Ke4 1-0

[Event "Early-Titled-Tuesday-Blitz-November-28-2023"]
[Site "Chess.com"]
[Date "2023.11.28"]
[Round "10"]
[White "Alexander_Donchenko"]
[Black "Msb2"]
[Result "1/2-1/2"]
[WhiteElo "2914"]
[BlackElo "3048"]
[TimeControl "180+1"]
[EndTime "10:03:01 PST"]
[Termination "Game drawn - insufficient material"]

1. Nf3 d5 2. g3 e6 3. Bg2 Nf6 4. O-O Bd6 5. c4 O-O 6. b3 Nc6 7. Bb2 d4 8. e3 e5 9. exd4 Nxd4 10. Nxd4 exd4 11. d3 c5 12. Nd2 Bg4 13. Bf3 h5 14.
Re1 Qd7 15. b4 Rae8 16. Rxe8 Rxe8 17. bxc5 Bxc5 18. Qf1 Bb4 19. Bxg4 Qxg4 20. Nb3 Bc3 21. Bxc3 dxc3 22. Rc1 h4 23. Rxc3 h3 24. Rc1 Re2 25.
a4 Nh5 26. Re1 Nf4 27. f3 Rxe1 28. fxg4 Rxf1+ 29. Kxf1 Nxd3 30. Ke2 Ne5 31. c5 b6 32. g5 bxc5 33. Nxc5 Ng4 34. Nd3 Nxh2 35. Nf4 f6 36. Nxh3 fxg5 37. Nxg5 Kf8 38. a5 Ke7 39. a6 Ng4 40.
Ne4 Ne5 41. Ke3 Nc6 42. Kf4 Nb4 43. Nc5 Kd6 44. Ne4+ Kc6 45. Kf5 Nxa6 46. Kg6 Nc5 47. Nc3 Ne6 48. Kf7 Kd7 49. g4 g5 50. Kf6 a5 51.
Na4 Kd6 52. Kf5 Kd5 53. Nc3+ Kc4 54. Na4 Nc5 55. Nb6+ Kb5 56. Nd5 Kc6 57. Nc3 Nd3 58. Kxg5 Ne5 59. Kf5 Nxg4 60. Kxg4 Kc5 61. Kf5 Kc4 62. Na4 Kb4 63. Nb6 Kc5 64. Na4+ Kb5 65. Nc3+ Kb4 66. Nd5+ Kb3 67. Nb6 a4 68. Nxa4 1/2-1/2

[Event "Early-Titled-Tuesday-Blitz-November-28-2023"]
[Site "Chess.com"]
[Date "2023.11.28"]
[Round "10"]
[White "GHANDEEVAM2003"]
[Black "Rud_Makarian"]
[Result "1/2-1/2"]
[WhiteElo "3156"]
[BlackElo "3012"]
[TimeControl "180+1"]
[EndTime "10:03:04 PST"]
[Termination "Game drawn by repetition"]

1. c4 Nf6 2. Nc3 e6 3. Nf3 d5 4. e3 dxc4 5. Bxc4 a6 6. O-O b5 7. Be2 Bb7 8. b3 Nbd7 9. Bb2 Be7 10. Rc1 O-O 11. a4 b4 12. Nb1 c5 13. d4 Rc8 14. Nbd2 cxd4 15. Nxd4 Nd5 16. Nc4 Nc5 17. Bf3 Bf6 18. Qc2 Ba8 19. Rfd1 Qe7 20. Nf5 exf5 21.
Bxd5 Bxb2 22. Nxb2 Bb7 23. Qxf5 g6 24. Qf3 Bxd5 25. Qxd5 Ne4 26. Rxc8 Rxc8 27. Nc4 Nc3 28. Qd6 Qxd6 29. Rxd6 Nxa4 30. Rxa6 Nb2 31. Nd2 Rc2 32. Rd6 Rc1+ 33. Nf1 Rc3 34. Nd2 Rc1+ 35. Nf1 Rc3 36. g4 Rxb3 37. Rd4 Nd3 38. Nd2 Rc3 39. Ne4 Rc1+ 40.
Kg2 b3 41. Rxd3 b2 42. Nd2 Rd1 43. Rd8+ Kg7 44. Rb8 Rxd2 45. g5 h6 46. h4 Rc2 47.
Kg3 Rd2 48. f4 hxg5 49. hxg5 Rc2 50. Kf3 Rd2 51. Ke4 Rc2 52. Kd3 Rf2 53. Kd4 Rd2+ 54.
Ke4 Rc2 55. Rb3 Rd2 56. Rb8 1/2-1/2

[Event "Early-Titled-Tuesday-Blitz-November-28-2023"]
[Site "Chess.com"]
[Date "2023.11.28"]
[Round "10"]
[White "marvinguevara"]
[Black "elmusmolamas"]
[Result "0-1"]
[WhiteElo "2178"]
[BlackElo "2561"]
[TimeControl "180+1"]
[EndTime "10:03:13 PST"]
[Termination "elmusmolamas won by resignation"]

1. e4 e5 2. Nf3 Nf6 3. Nxe5 d6 4. Nf3 Nxe4 5. d4 d5 6. Bd3 Be7 7. O-O O-O 8. c4 c6 9. Nc3 Nxc3 10. bxc3 dxc4 11.
Bxc4 Bf5 12. Ne5 Nd7 13. Bf4 Bf6 14. Qh5 Nxe5 15. Bxe5 Bg6 16. Bxf6 Qxf6 17. Qe2 Rfe8 18. Qb2 Qe7 19. h3 Rad8 20. a3 b6 21. Qb4 c5 22.
dxc5 Qxc5 23. Qxc5 bxc5 24. Rad1 Bc2 25. Rc1 Ba4 26.
Rfe1 Kf8 27. Rb1 Rxe1+ 28. Rxe1 Rd2 29. Rb1 Bc6 30. Rb8+ Ke7 31. Rc8 Kd7 32. Rg8 g6 33.
Bxf7 Kc7 34. Rg7 Kb6 35. Rxh7 Be4 36. Rg7 Rd1+ 37. Kh2 Rd6 38. f3 Bc2 39. Bc4 Rf6 40. h4 Rf4 41. Kg3 Rxc4 42. Re7 Rxc3 43. h5 gxh5 44. Re5 Rc4 45. Rxh5 Rd4 46. Rh6+ Kb5 47. Kf2 c4 48. Ke3 Rd3+ 49. Ke2 Rd7 50. Rh5+ Ka4 51.
Rh4 Kb3 52. g4 Bd1+ 53. Ke1 c3 54. f4 c2 55. Rh2 Kb2 56. Rxc2+ Bxc2 57. f5 Bxf5 58.
gxf5 Rf7 0-1

[Event "Early-Titled-Tuesday-Blitz-November-28-2023"]
[Site "Chess.com"]
[Date "2023.11.28"]
[Round "10"]
[White "Eagle_2019"]
[Black "alexrustemov"]
[Result "1/2-1/2"]
[WhiteElo "2703"]
[BlackElo "2864"]
[TimeControl "180+1"]
[EndTime "10:03:15 PST"]
[Termination "Game drawn - insufficient material"]

1. d4 d5 2. Nf3 Nf6 3. Bf4 c5 4. e3 Nc6 5. Nbd2 Bg4 6. dxc5 e6 7. Be2 Bxc5 8. O-O O-O 9. c4 Rc8 10. Ne5 Bxe2 11. Qxe2 Qe7 12. Nxc6 Rxc6 13. Rac1 h6 14. Be5 dxc4 15. Rxc4 Rfc8 16. Rfc1 Nd7 17. Bg3 Nb6 18. R4c2 Qe8 19. Nb3 Be7 20. Nd4 Rxc2 21. Rxc2 Rxc2 22. Qxc2 Qd7 23. h3 Bf6 24. Nf3 Nd5 25. Ne5 Bxe5 26. Bxe5 Ne7 27. Bc3 Nc6 28. Qe2 f6 29. g4 Kf7 30. f4 Qd5 31. a3 Qe4 32.
Qd2 Ke7 33. b4 a6 34. Kh2 Qf3 35. a4 Ke8 36. Qd3 Ne7 37. Bd4 Qf2+ 38. Kh1 Qg3 39. Qf1 Nd5 40. b5 axb5 41. Qxb5+ Kf8 42. Qxb7 Qxh3+ 43. Kg1 Qxg4+ 44. Kf2 Qh4+ 45. Kg2 Qg4+ 46. Kf2 Qd1 47.
Qc8+ Kf7 48. Qd7+ Kg6 49. Qxe6 Qc2+ 50. Kg3 Qf5 51. Qxf5+ Kxf5 52. Kf3 Ke6 53. a5 Nc7 54. e4 g6 55. Kg4 f5+ 56. exf5+ gxf5+ 57. Kh5 Kd5 58. Be5 Ne6 59. a6 Kc6 60. Kxh6 Kb6 61. Kg6 Nxf4+ 62. Bxf4 Kxa6 63. Kxf5 1/2-1/2

[Event "Early-Titled-Tuesday-Blitz-November-28-2023"]
[Site "Chess.com"]
[Date "2023.11.28"]
[Round "10"]
[White "Casper"]
[Black "karinachess1"]
[Result "0-1"]
[WhiteElo "2432"]
[BlackElo "2592"]
[TimeControl "180+1"]
[EndTime "10:03:19 PST"]
[Termination "karinachess1 won by checkmate"]

1. d4 Nf6 2. Bf4 e6 3. e3 b6 4. Nf3 Bb7 5. Nbd2 Nh5 6. Bg5 Be7 7. Bxe7 Qxe7 8. Ne5 Nf6 9. Bd3 d6 10. Ng4 Bxg2 11. Rg1 Bb7 12. Nxf6+ Qxf6 13. Ne4 Qh6 14. Qf3 Bxe4 15. Qxe4 c6 16. O-O-O O-O 17. Rg3 f5 18. Qf3 d5 19. Rdg1 Rf7 20. Rh3 Qf6 21. Qh5 g6 22.
Qh6 Nd7 23. Rhg3 Nf8 24. f4 c5 25. c3 c4 26. Be2 b5 27. h4 Qg7 28. Qxg7+ Kxg7 29. h5 Kf6 30. Rh1 Nd7 31. Rgh3 Rg8 32. hxg6 hxg6 33. Rh6 Nf8 34. Kd2 a5 35. a3 Ke7 36.
Rb1 g5 37. b3 gxf4 38. exf4 Rg2 39. bxc4 bxc4 40. Rb7+ Nd7 41. Ke3 Rfg7 42. Rh3 R2g3+ 43. Rxg3 Rxg3+ 44. Bf3 Rg1 45. Ra7 Re1+ 46. Kd2 Rf1 47.
Ke2 Rc1 48. Kd2 Rf1 49. Bd1 Rxf4 50. Ba4 Rf2+ 51. Ke3 Ra2 52. Rxd7+ Kf6 53. Ra7 Rxa3 54. Rxa5 Rxc3+ 55. Ke2 Rd3 56. Ra6 Rxd4 57. Bd7 Re4+ 58.
Kd2 f4 59. Be8 Ke5 60. Ra7 Kd4 61. Rf7 c3+ 62. Kd1 Ke3 63. Bb5 Rd4+ 64. Ke1 e5 65. Rh7 c2 66. Rb7 c1=Q# 0-1

[Event "Early-Titled-Tuesday-Blitz-November-28-2023"]
[Site "Chess.com"]
[Date "2023.11.28"]
[Round "10"]
[White "esrosenberg"]
[Black "C_K_G"]
[Result "1-0"]
[WhiteElo "2395"]
[BlackElo "2181"]
[TimeControl "180+1"]
[EndTime "10:03:22 PST"]
[Termination "esrosenberg won on time"]

1. Nf3 d5 2. d4 e6 3. g3 Nf6 4.
Bg2 c5 5. O-O cxd4 6. b3 Nc6 7.
Nxd4 Nxd4 8. Qxd4 Bd6 9. c4 Qc7 10. Bb2 dxc4 11. Rd1 Be7 12. Qxc4 Qxc4 13. bxc4 Bd7 14.
Ba3 Rc8 15. Bxe7 Kxe7 16. Bxb7 Rxc4 17. Nd2 Rc2 18. Bf3 Rb8 19. Nb3 Ba4 20. Nd4 Rcb2 21. Rdc1 Ne8 22. Rc4 Bd7 23. Nc6+ Bxc6 24. Rxc6 R8b6 25.
Rxb6 axb6 26. a4 Nd6 27. Rc1 f5 28. Rc7+ Kf6 29. Rc6 Nf7 30. Kg2 Ne5 31. Rc7 h6 32. Rb7 g5 33. Bh5 g4 34. h3 Rxe2 35. hxg4 fxg4 36. Rxb6 Kg5 37. Be8 Nf3 38. Bd7 e5 39. Bc6 e4 40. Rb5+ Kf6 41. Rh5 Re1 42. Rh1 Rxh1 43. Kxh1 Ke5 44. a5 Nd4 45. Bb7 Nb5 46.
a6 Kd4 47. Kg2 e3 48. fxe3+ Kxe3 49. Bc6 Na7 50. Ba4 h5 51. Be8 Ke4 52. Bxh5 Kf5 53. Be8 Kg5 54. Bd7 Kh5 55. Kf2 Kg5 56. Ke3 Kf6 57.
Bxg4 Ke7 58. Kd4 Kd6 59. Bf3 Nb5+ 60. Kc4 Na7 61. Kb4 Kc7 62. Bb7 Kb6 63. g4 1-0

[Event "Early-Titled-Tuesday-Blitz-November-28-2023"]
[Site "Chess.com"]
[Date "2023.11.28"]
[Round "10"]
[White "queen_iryna"]
[Black "DDTerziev04"]
[Result "1/2-1/2"]
[WhiteElo "2303"]
[BlackElo "2146"]
[TimeControl "180+1"]
[EndTime "10:03:22 PST"]
[Termination "Game drawn by stalemate"]

1. e4 c5 2. Nf3 d6 3. Bb5+ Bd7 4. Bxd7+ Nxd7 5. O-O Ngf6 6. Re1 e6 7. c3 Be7 8. d4 cxd4 9. cxd4 O-O 10. Nc3 Qb6 11. b3 Rac8 12. Bb2 Rfd8 13. Rc1 Qa5 14. Qe2 e5 15.
Red1 Nh5 16. dxe5 Nf4 17. Qd2 dxe5 18. Nd5 Qxd2 19. Nxe7+ Kf8 20. Rxd2 Rxc1+ 21. Bxc1 Kxe7 22. Ba3+ Ke8 23. g3 Ne6 24. Kf1 f6 25. Ke2 Nb8 26.
Rxd8+ Kxd8 27. Kd3 Kd7 28. Kc4 Kc6 29. Nh4 Nd7 30. Nf5 b5+ 31. Kd3 Ndc5+ 32. Bxc5 Nxc5+ 33. Ke3 Ne6 34. f4 g6 35. Ne7+ Kd6 36. Ng8 exf4+ 37. gxf4 f5 38. e5+ Kc6 39. Nf6 h6 40. Ng8 g5 41.
fxg5 hxg5 42. Ne7+ Kc5 43. Nxf5 Kd5 44. Nd6 a6 45. Nf7 a5 46. Nd6 b4 47. Nb7 a4 48.
bxa4 Kxe5 49. a5 Nc7 50. Nc5 Nb5 51. a6 Kd5 52. Ne4 g4 53. Nf6+ Ke5 54. Nxg4+ Kf5 55.
Nf2 Kg5 56. Nd3 Kh4 57. Nxb4 Kh3 58. Nc6 Nc7 59. a7 Kxh2 60. a4 Kg3 61. Kd4 Kf4 62. Kc5 Na8 63. Kd6 Kf5 64. Nd8 Kf6 65. Kc6 Ke7 66.
Kb7 Kxd8 67. a5 Kd7 68. a6 Kd8 69. Kxa8 Kc8 1/2-1/2

[Event "Early-Titled-Tuesday-Blitz-November-28-2023"]
[Site "Chess.com"]
[Date "2023.11.28"]
[Round "10"]
[White "Jospem"]
[Black "wonderfultime"]
[Result "1/2-1/2"]
[WhiteElo "3062"]
[BlackElo "3083"]
[TimeControl "180+1"]
[EndTime "10:03:30 PST"]
[Termination "Game drawn - insufficient material"]

1. e4 e5 2. Nc3 Nc6 3. Nf3 Nf6 4. h3 Bb4 5. a3 Bxc3 6. dxc3 h6 7. Bd3 O-O 8. Qe2 d5 9. Nd2 dxe4 10. Nxe4 Nxe4 11. Bxe4 Qf6 12. g4 Qe6 13. Rg1 Ne7 14. Bd2 Bd7 15. g5 hxg5 16. Bxg5 Bc6 17. Bxe7 Qxe7 18. O-O-O Rfd8 19. Rde1 Rd6 20. Bxc6 Rxc6 21. Qxe5 Qxe5 22. Rxe5 Rf6 23.
Re2 g6 24. Rd1 Kg7 25. Rd7 Rc6 26. Ree7 Rf6 27. Rxc7 Rxf2 28. Rxb7 Rh8 29. Re3 Rd8 30. Rd3 Re8 31. Kb1 Ree2 32. Rdd7 a5 33. a4 g5 34. Ka2 Rxc2 35. Rd5 Kg6 36. Rxa5 Rxc3 37. Ra6+ f6 38. Rab6 Rxh3 39. a5 Rf4 40. b3 Rh2+ 41. Ka3 Rh1 42. a6 Ra1+ 43. Kb2 Rff1 44. Kc3 g4 45. Rb8 Kf5 46.
Rf8 Ke5 47. Rg8 f5 48. Rg7 Kf4 49. a7 Rfc1+ 50. Kb4 g3 51. Rb8 Rxa7 52. Rxa7 g2 53. Rg7 g1=Q 54. Rxg1 Rxg1 55. Rf8 Ke5 56. Ka5 Ra1+ 57.
Kb5 f4 58. b4 Ke4 59. Kc5 Rc1+ 60. Kd6 f3 61. b5 Rd1+ 62. Kc6 Rc1+ 63. Kd6 Rb1 64.
Kc6 Ke3 65. b6 f2 66. b7 Rxb7 67. Kxb7 Ke2 68. Kc7 f1=Q 69. Rxf1 Kxf1 1/2-1/2

[Event "Early-Titled-Tuesday-Blitz-November-28-2023"]
[Site "Chess.com"]
[Date "2023.11.28"]
[Round "10"]
[White "vladgoncharov"]
[Black "RobertoJBM"]
[Result "0-1"]
[WhiteElo "2625"]
[BlackElo "2808"]
[TimeControl "180+1"]
[EndTime "10:03:31 PST"]
[Termination "RobertoJBM won by resignation"]

1. d4 Nf6 2. c4 g6 3. Nc3 d5 4.
cxd5 Nxd5 5. e4 Nxc3 6. bxc3 c5 7.
Nf3 Bg7 8. Bb5+ Bd7 9. Be2 Qa5 10. O-O Qxc3 11. Rb1 cxd4 12. Bb2 Qc8 13. Bxd4 O-O 14. Ne5 Be6 15. Qa4 Nd7 16. Rfc1 Qd8 17. Nf3 Nb6 18.
Qd1 Bxa2 19. Rb2 Be6 20. Rd2 Qb8 21. Bxg7 Kxg7 22. Nd4 Bd7 23. h4 e5 24. Nf3 Rd8 25. h5 Bc6 26. hxg6 hxg6 27. Ng5 Rxd2 28. Qxd2 Qd8 29.
Qe3 Qf6 30. g3 Nd7 31. Kg2 Nf8 32. Nf3 Ne6 33. Rb1 a5 34. Rh1 Rh8 35. Rxh8 Kxh8 36. Qh6+ Kg8 37. Qe3 a4 38. Bd3 Kg7 39. Bb1 Nd4 40.
Ng5 a3 41. Ba2 Be8 42. Nh3 Bd7 43. Ng1 Be6 44. Qxa3 Bxa2 45. Qxa2 Qe6 46. Qa3 b5 47. Qb4 Qc4 48. Qd6 Qe6 49. Qc5 Qf6 50. f3 g5 51.
Nh3 Qxf3+ 52. Kh2 Qxe4 53. Nxg5 Qf5 54. Nh3 Nf3+ 55. Kg2 Nd4 56. Nf2 Qf3+ 57. Kf1 Qe2+ 58. Kg2 Qe3 59. Ng4 Qf3+ 60. Kh3 Qf5 61. Qxe5+ Qxe5 62.
Nxe5 b4 63. Nd3 b3 64. Kg4 Kf6 65. Kf4 Ne6+ 66. Ke4 Nc5+ 67. Nxc5 b2 68. Nd7+ Kg7 69. Ne5 b1=Q+ 70. Kf4 Qb8 71. Kg5 Qxe5+ 72. Kh4 Qf6+ 0-1

[Event "Early-Titled-Tuesday-Blitz-November-28-2023"]
[Site "Chess.com"]
[Date "2023.11.28"]
[Round "10"]
[White "FM-to-GM"]
[Black "Cheer_Down"]
[Result "1-0"]
[WhiteElo "2668"]
[BlackElo "2504"]
[TimeControl "180+1"]
[EndTime "10:03:31 PST"]
[Termination "FM-to-GM won on time"]

1. d4 d5 2. c4 e6 3. g3 Nf6 4. Bg2 Be7 5. Nf3 O-O 6. O-O Nbd7 7.
Nc3 dxc4 8. a4 a5 9. e4 c6 10.
Qe2 Nb6 11. Rd1 Bb4 12. Ne5 Qe7 13. Nxc4 Nxc4 14. Qxc4 e5 15. Bg5 h6 16. Bxf6 Qxf6 17. d5 Bg4 18. Rd2 cxd5 19. Nxd5 Qa6 20. Qxa6 Rxa6 21.
Rc2 Be6 22. Bf1 Rd6 23. Bc4 Bxd5 24. Bxd5 b6 25. Rc7 Bc5 26. Rc1 Rf6 27. Rc2 Re8 28. Kg2 g6 29. f3 Kg7 30. Rd2 Rd8 31. h4 h5 32. Rc2 Re8 33. Rc1 Rd8 34. b3 Re8 35.
Rf1 Re7 36. Rc8 Rd6 37. f4 Rf6 38. Rd8 Be3 39. fxe5 Rxe5 40. Rd7 Rxf1 41. Kxf1 Kh6 42.
Rxf7 Bc5 43. Kg2 Re7 44. Rf6 Kg7 45. Rf3 Bd6 46. Rc3 Bc5 47. Rd3 Re5 48. Kf3 Re7 49.
Bc4 Rc7 50. Rd8 Re7 51. Rg8+ Kf6 52. Rf8+ Kg7 53. Rd8 Kf6 54. Kf4 Kg7 55. e5 Bb4 56. e6 Bc5 57. Ke5 Bb4 58. Rd3 Ba3 59. Rf3 Bb2+ 60. Kd5 Ba3 61. Kc6 Bc5 62. Kd5 Ba3 63.
Kc6 Bc5 64. Rd3 Ba3 65. Rd8 Bc5 66. Rd7 Kf6 67. Rd3 Kg7 68. Rf3 Ba3 69. Rf1 Bc5 70. Rd1 Kf6 71. Kd5 Kg7 72. Ke5 Bb4 73. Rd7 1-0

[Event "Early-Titled-Tuesday-Blitz-November-28-2023"]
[Site "Chess.com"]
[Date "2023.11.28"]
[Round "10"]
[White "Igor_Lysyj"]
[Black "Goryachkina"]
[Result "1-0"]
[WhiteElo "2809"]
[BlackElo "2620"]
[TimeControl "180+1"]
[EndTime "10:03:36 PST"]
[Termination "Igor_Lysyj won on time"]

1. d4 d5 2. c4 c6 3. Nf3 Nf6 4.
e3 Bf5 5. cxd5 cxd5 6. Qb3 Qc7 7. Bd2 e6 8. Bb5+ Nc6 9. O-O Bd6 10. Bb4 O-O 11.
Bxd6 Qxd6 12. Nbd2 Rfc8 13. Rfc1 Ne7 14. Bf1 Rc7 15.
Qa4 h6 16. Rxc7 Qxc7 17. Nb3 Nc8 18. Rc1 Qd8 19. Ne5 Nd6 20. h3 Nfe4 21. Nc5 Qh4 22. Ncd3 Qd8 23. Qa3 Nd2 24. Be2 N2c4 25. Qb4 a5 26.
Qe1 Bxd3 27. Nxd3 Ne4 28. b3 Ncd6 29. f3 Nf6 30. Qd2 Nh5 31. Qe1 Qg5 32. f4 Qf5 33. g4 Qe4 34. gxh5 Qxe3+ 35. Qf2 Qxh3 36. Qf3 Qh4 37. Rc7 Nf5 38. Qg4 Qd8 39. Rc1 Nxd4 40.
Bf1 Qb6 41. Kh2 Nf5 42. Qf3 Qd4 43. Rc7 Qb6 44. Rc1 Qd4 45. Rc7 Qb6 46. Rc5 Qd6 47. Bh3 Nd4 48. Qe3 Nc6 49. Rc2 a4 50. b4 Nxb4 51.
Nxb4 Qxb4 52. Rg2 Qd6 53. Qg3 Qf8 54. f5 exf5 55. Bxf5 Rd8 56. Bc2 Qd6 57. Bxa4 Qxg3+ 58. Kxg3 g6 59. hxg6 fxg6 60. Kf4 Kg7 61. Ke5 d4 62.
Rd2 d3 63. Bb5 h5 64. Rxd3 Rxd3 65. Bxd3 h4 66. a4 h3 67. a5 g5 68. Kf5 1-0

[Event "Early-Titled-Tuesday-Blitz-November-28-2023"]
[Site "Chess.com"]
[Date "2023.11.28"]
[Round "10"]
[White "Atousa1"]
[Black "M1711"]
[Result "0-1"]
[WhiteElo "2467"]
[BlackElo "2610"]
[TimeControl "180+1"]
[EndTime "10:03:41 PST"]
[Termination "M1711 won on time"]

1. e4 e5 2. Nf3 Nc6 3. Bb5 a6 4. Ba4 Nf6 5. O-O Be7 6. Re1 b5 7.
Bb3 O-O 8. d3 d6 9. c3 Na5 10.
Bc2 c5 11. Nbd2 Qc7 12. Nf1 Re8 13. Ng3 Nc6 14. Nh4 g6 15. Bg5 Ng4 16. Qd2 Bxg5 17. Qxg5 Qe7 18. Qxe7 Rxe7 19. Nf3 Bb7 20. Bb3 Kg7 21. a4 Nf6 22. axb5 axb5 23. Rxa8 Bxa8 24. Ra1 Ra7 25. Rxa7 Nxa7 26. Nf1 Nc8 27. Ne3 Nb6 28. Nd2 c4 29. dxc4 bxc4 30. Bc2 d5 31. exd5 Bxd5 32.
Nxd5 Nfxd5 33. Be4 Ne7 34. Bb7 Nf5 35. Kf1 Nd6 36.
Bc6 f5 37. Ke2 Kf6 38. Kd1 Ke6 39. Kc2 Nf7 40. Bb5 Kd5 41. b3 cxb3+ 42. Kxb3 Nd6 43. Be2 Kc5 44. Nf3 Kd5 45. Nd2 e4 46. g3 Nd7 47.
c4+ Kc6 48. Kc3 Ne5 49. Nb3 Nb7 50. Nd4+ Kd6 51. Nb5+ Kc5 52. Nc7 Nc6 53. Ne6+ Kd6 54. Nf8 Ke5 55. Nxh7 Nd4 56. Bd1 Nc5 57. Nf8 Nde6 58.
Nxg6+ Kf6 59. Nf4 Nxf4 60. gxf4 Ne6 61. Kb4 Ke7 62. h4 Nxf4 63. h5 Nd3+ 64. Kb5 Nxf2 65.
h6 Kf6 66. c5 Nxd1 67. c6 Nc3+ 68. Kc4 Na4 69. h7 Kg7 70. Kb5 e3 71. c7 e2 72.
h8=Q+ Kxh8 73. c8=Q+ Kg7 74. Kxa4 e1=Q 75. Qd7+ Kf6 76.
Qd4+ Qe5 77. Qh4+ Ke6 78. Qh6+ Kd5 79. Qh1+ Qe4+ 0-1